 Dungeon Sprint DCSS version 0.28-a0-863-g8cecda6153 (webtiles) character file.

Game seed: 10626228305149187053

13996 emperorscorpion the Eclecticist (level 12, -12/78 HPs)
             Began as a Djinni Air Elementalist on Nov 17, 2021.
             Was the Champion of Makhleb.
             Mangled by an orc knight (18 damage)
             ... in the Dungeon (Sprint IX: "|||||||||||||||||||||||||||||").
             The game lasted 00:15:39 (3338 turns).

emperorscorpion the Eclecticist (DjAE)              Turns: 3338, Time: 00:15:39

Health: -12/78     AC: 17    Str: 10    XL:     12   Next: 39%
Gold:   1292       EV:  9    Int: 19    God:    Makhleb [******] SH:  0 Dex: 23

rFire   + + .      SeeInvis .   l - +2 dire flail (protect)
rCold   x . .      Faith    .   (shield currently unavailable)
rNeg    . . .      Spirit   .   o - +1 chain mail
rPois   ∞          Reflect  .   w - +0 helmet
rElec   .          Harm     .   n - +0 cloak
rCorr   .          Rampage  .   s - +0 pair of gloves {Dex+3}
Will    +....      NoTele   +   (boots unavailable)
Stlth   +.........              (no amulet)
HPRegen 0.23/turn               p - +3 ring of dexterity
MPRegen 0.00/turn               q - +3 ring of strength

@: sluggish, flying, very slow
A: sickness immunity, fire resistance 2, cold vulnerability 1, float, innate
caster, hp casting, extra vitality 1
a: Renounce Religion, Minor Destruction, Lesser Servant of Makhleb, Major
Destruction, Greater Servant of Makhleb


You were in the Dungeon.
You worshipped Makhleb.
Makhleb was exalted by your worship.
You visited 1 branch You collected 1292 gold pieces.

Inventory:

Hand Weapons
 c - a +0 shortbow
 g - a +0 dagger
 k - a +1 scimitar of flaming
 l - a +2 dire flail of protection (weapon)
 m - the +2 halberd of Calculation {protect, *Slow Str+3 SInv}
   (You found it in the Dungeon)

   It grants its wielder temporary protection when it strikes (+7 to AC).
   Str:       It affects your strength (+3).
   SInv:      It lets you see invisible.
   *Slow:     It may slow you when you take damage.
Missiles
 h - 29 arrows
Armour
 a - a +0 robe
 n - a +0 cloak (worn)
 o - a +1 chain mail (worn)
 s - a +0 pair of gloves of dexterity (worn)
 w - a +0 helmet (worn)
Jewellery
 p - a +3 ring of dexterity (left hand)
 q - a +3 ring of strength (right hand)
Scrolls
 f - 3 scrolls of blinking
 t - 3 scrolls of identify
 u - a scroll of fear
 v - a scroll of vulnerability
Potions
 b - 6 potions of curing
 d - 4 potions of haste
 e - a potion of berserk rage
 i - a potion of invisibility
 j - 2 potions of heal wounds
 r - a potion of might


   Skills:
 + Level 3.7 Fighting
 + Level 11.6 Armour
 + Level 9.9 Dodging
 + Level 6.6 Stealth
 + Level 18.1 Spellcasting
 * Level 9.2 Invocations
 - Level 4.0 Evocations


You had 24 spell levels left.
You knew the following spells:

 Your Spells              Type           Power      Damage    Failure   Level
a - Shock                 Conj/Air       100%       1d9       1%          1
b - Static Discharge      Conj/Air       72%        N/A       1%          2
c - Swiftness             Air            72%        N/A       1%          3
d - Airstrike             Air            36%        N/A       1%          4
e - Beastly Appendage     Tmut           100%       N/A       1%          1
f - Scorch                Fire           100%       2d10      1%          2
g - Spider Form           Tmut/Pois      72%        N/A       1%          3
h - Teleport Other        Tloc           72%        N/A       1%          3
i - Olgreb's Toxic Radia  Pois           72%        N/A       1%          4
Your spell library was empty.

Dungeon Overview and Level Annotations

Branches:
Dungeon (1/1)

Altars:
Cheibriados
Dithmenos
Elyvilon
Fedhas
Gozag
Hepliaklqana
Kikubaaqudgha
Makhleb
Nemelex Xobeh
Okawaru
Qazlal
Ru
Sif Muna
Trog
Uskayaw
Vehumet
Wu Jian
Xom
Yredelemnul
Zin
The Shining One
Beogh
Jiyva
Lugonu

Shops:
D *

Annotations:
D Josephine


Innate Abilities, Weirdness & Mutations

You are immune to sickness and miasma.
You are immune to poison.
Your flesh is very heat resistant. (rF++)
You are vulnerable to cold. (rC-)
You float through the air rather than walking.
You learn spells naturally, not from books.
Your magical power is your life essence.
You have superior vitality. (+4 HP)


Message History

Press: ? - help, Shift-Dir - straight line, f - orc knight
Aim: an orc knight, wielding a +0 great mace and wearing a +0 chain mail (almost dead, strong, very poisoned, 71% to hit)
The zap hits the orc knight.
The orc knight is almost dead.
The zap hits the orc knight.
The orc knight is heavily wounded.
* * * LOW HITPOINT WARNING * * *
The orc knight no longer looks unusually strong.
Unknown command.
Casting: Shock (safe; 1% risk of failure)
Confirm with . or Enter, or press ? or * to list all spells.
The orc knight is struck by an arc of lightning!
You kill the orc knight!
Makhleb accepts your kill.
You feel better.
You are struck by an arc of lightning.
* * * LOW HITPOINT WARNING * * *
x2
Casting: Static Discharge (safe; 1% risk of failure)
Confirm with . or Enter, or press ? or * to list all spells.
Aiming: Airstrike (mildly dangerous; 1% risk of failure)
Press: ? - help, Dir - move target, f - orc knight
Aim: an orc knight, wielding a +0 great mace and wearing a +0 chain mail (heavily wounded, strong, very poisoned, empty space bonus: 2/8)
Okay, then.
Casting: Airstrike (mildly dangerous; 1% risk of failure)
Confirm with . or Enter, or press ? or * to list all spells.
Flames lash the orc knight.
The orc knight is heavily wounded.
The orc knight's fire resistance burns away.
* * * LOW HITPOINT WARNING * * *
Casting: Scorch (safe; 1% risk of failure)
Confirm with . or Enter, or press ? or * to list all spells.
Flames lash the orc knight.
The orc knight is burned terribly!
The orc knight is severely wounded.
* * * LOW HITPOINT WARNING * * *
The orc knight barely misses you.
Casting: Scorch (safe; 1% risk of failure)
Confirm with . or Enter, or press ? or * to list all spells.
Flames lash the orc knight but do no damage.
* * * LOW HITPOINT WARNING * * *
The orc knight hits you with a +0 great mace!!
You die...

▓_▓.▓.▓.▓)▓
▓_▓.▓.▓.▓.▓
▓_▓)▓.▓.▓)▓
▓_▓.▓.▓.▓)▓
▓_▓.▓'▓.▓)▓
▓_▓.▓.▓.▓.▓
▓_▓.▓.▓.▓.▓
▓_▓.▓.▓.▓)▓
▓_▓.▓.▓.▓@▓
▓_▓.▓.▓.▓o▓
▓_▓.▓.▓.▓.▓
▓_▓.▓.▓.▓.▓
▓_▓.▓.▓.▓.▓
▓_▓.▓.▓.▓)▓
▓'▓.▓'▓.▓$▓
▓!▓.▓.▓.▓)▓
▓?▓.▓.▓.▓)▓


You could see an orc knight (strong, poisoned, combustible).

Vanquished Creatures
  2 two-headed ogres (D)
  A centaur warrior (D)
  2 orc high priests (D)
  8 orc knights (D)
  A deep elf pyromancer (D)
  2 orc sorcerers (D)
  A cyclops (D)
  A black mamba (D)
  3 cane toads (D)
  2 rime drakes (D)
  An unseen horror (D)
  An efreet (D)
  A komodo dragon (D)
  A polar bear (D)
  A tyrant leech (D)
  A blink frog (D)
  2 wraiths (D)
  A wyvern (D)
  2 basilisks (D)
  2 yaks (D)
  A steam dragon (D)
  Eustachio (D)
  A vampire mosquito (D)
  4 water moccasins (D)
  4 orc warriors (D)
  A black bear (D)
  A necrophage (D)
  A centaur (D)
  5 bullfrogs (D)
  A gnoll sergeant (D)
  A howler monkey (D)
  5 orc priests (D)
  4 orc wizards (D)
  An adder (D)
  7 orcs (D)
  An endoplasm (D)
  A giant cockroach (D)
  A goblin (D)
  A hobgoblin (D)
  2 ball python zombies (D)
  A bat (D)
81 creatures vanquished.

Notes
Turn   | Place    | Note
-------+----------+-------------------------------------------
     0 | D        | emperorscorpion the Djinni Air Elementalist began the quest
                  | for the Orb.
     0 | D        | Reached XP level 1. HP: 15/15 MP: 0/0
     6 | D        | Reached skill level 3 in Spellcasting
     7 | D        | Reached XP level 2. HP: 15/21 MP: 0/0
    81 | D        | Noticed a necrophage
    81 | D        | Noticed a black bear
    81 | D        | Noticed a centaur
    86 | D        | Reached skill level 4 in Spellcasting
   101 | D        | Killed a necrophage
   102 | D        | Reached skill level 6 in Spellcasting
   102 | D        | Reached XP level 3. HP: 10/25 MP: 0/0
   102 | D        | Learned a level 1 spell: Beastly Appendage
   102 | D        | Reached XP level 4. HP: 12/31 MP: 0/0
   102 | D        | Reached XP level 5. HP: 14/35 MP: 0/0
   102 | D        | Learned a level 2 spell: Scorch
   103 | D        | Killed a centaur
   104 | D        | Reached skill level 5 in Dodging
   104 | D        | Reached skill level 8 in Spellcasting
   104 | D        | Reached XP level 6. HP: 14/40 MP: 0/0
   104 | D        | Killed a black bear
   105 | D        | Reached skill level 9 in Spellcasting
   343 | D        | Found a snail-covered altar of Cheibriados.
   343 | D        | Found a shadowy altar of Dithmenos.
   343 | D        | Found a white marble altar of Elyvilon.
   343 | D        | Found a blossoming altar of Fedhas.
   343 | D        | Found an opulent altar of Gozag.
   344 | D        | Found a hazy altar of Hepliaklqana.
   345 | D        | Found a viscous altar of Jiyva.
   347 | D        | Found a corrupted altar of Lugonu.
   348 | D        | Found a burning altar of Makhleb.
   349 | D        | Found a sparkling altar of Nemelex Xobeh.
   350 | D        | Found an iron altar of Okawaru.
   351 | D        | Found a stormy altar of Qazlal.
   352 | D        | Found a sacrificial altar of Ru.
   354 | D        | Found a bloodstained altar of Trog.
   355 | D        | Found a hide-covered altar of Uskayaw.
   356 | D        | Became a worshipper of Makhleb the Destroyer
   358 | D        | Found an ornate altar of the Wu Jian Council.
   359 | D        | Found a shimmering altar of Xom.
   360 | D        | Found a basalt altar of Yredelemnul.
   361 | D        | Found a glowing silver altar of Zin.
   362 | D        | Found a glowing golden altar of the Shining One.
   378 | D        | Got the +2 halberd of Calculation {protect, *Slow Str+3
                  | SInv}
   393 | D        | Noticed a two-headed ogre
   545 | D        | Killed a two-headed ogre
   546 | D        | Reached skill level 11 in Spellcasting
   546 | D        | Reached skill level 1 in Evocations
   546 | D        | Reached XP level 7. HP: 36/45 MP: 0/0
   546 | D        | Learned a level 3 spell: Spider Form
   546 | D        | Reached XP level 8. HP: 40/50 MP: 0/0
   623 | D        | Reached * piety under Makhleb
   624 | D        | Reached skill level 5 in Armour
   883 | D        | Killed an unseen horror
   884 | D        | Reached skill level 5 in Stealth
  1065 | D        | Noticed a centaur warrior
  1065 | D        | Noticed a two-headed ogre
  1065 | D        | Noticed a cyclops
  1065 | D        | Noticed an efreet
  1065 | D        | Noticed a wraith
  1065 | D        | Noticed a deep elf pyromancer
  1069 | D        | Killed a centaur warrior
  1069 | D        | Reached ** piety under Makhleb
  1069 | D        | Killed a cyclops
  1069 | D        | Killed an efreet
  1070 | D        | Reached skill level 1 in Fighting
  1070 | D        | Reached skill level 13 in Spellcasting
  1070 | D        | Reached XP level 9. HP: 32/57 MP: 0/0
  1070 | D        | Learned a level 3 spell: Teleport Other
  1070 | D        | Killed a two-headed ogre
  1070 | D        | Reached *** piety under Makhleb
  1071 | D        | Reached XP level 10. HP: 45/64 MP: 0/0
  1255 | D        | Killed a deep elf pyromancer
  1256 | D        | Reached skill level 14 in Spellcasting
  1403 | D        | Noticed Eustachio
  1420 | D        | Killed Eustachio
  1639 | D        | Noticed a komodo dragon
  1639 | D        | Noticed a rime drake
  1639 | D        | Noticed a black mamba
  1646 | D        | Reached **** piety under Makhleb
  1647 | D        | Killed a rime drake
  1648 | D        | Reached skill level 1 in Invocations
  1651 | D        | Killed a komodo dragon
  1652 | D        | Killed a black mamba
  1652 | D        | Reached ***** piety under Makhleb
  1653 | D        | Reached skill level 15 in Spellcasting
  1942 | D        | Noticed a rime drake
  1947 | D        | Noticed a cane toad
  1947 | D        | Killed a rime drake
  1951 | D        | Reached XP level 11. HP: 70/70 MP: 0/0
  1951 | D        | Learned a level 4 spell: Olgreb's Toxic Radiance
  1957 | D        | Reached skill level 5 in Invocations
  1959 | D        | Reached ****** piety under Makhleb
  1980 | D        | Reached skill level 16 in Spellcasting
  2281 | D        | Noticed Josephine
  2829 | D        | Reached skill level 10 in Armour
  2955 | D        | Noticed an orc sorcerer
  2955 | D        | Noticed an orc knight
  2957 | D        | Noticed an orc knight
  2958 | D        | Noticed a sun demon
  2959 | D        | Noticed an orc sorcerer
  2960 | D        | Killed an orc sorcerer
  2963 | D        | Noticed an orc knight
  2971 | D        | Killed an orc sorcerer
  2975 | D        | Killed an orc knight
  2975 | D        | Killed an orc knight
  2976 | D        | Reached skill level 17 in Spellcasting
  3001 | D        | Killed an orc knight
  3054 | D        | Noticed an orc knight
  3092 | D        | Killed an orc knight
  3093 | D        | Reached XP level 12. HP: 45/76 MP: 0/0
  3314 | D        | Found Edukhub's Assorted Antiques.
  3314 | D        | Noticed an orc high priest
  3314 | D        | Noticed an orc high priest
  3325 | D        | Killed an orc high priest
  3326 | D        | Killed an orc high priest
  3334 | D        | Reached skill level 18 in Spellcasting
  3338 | D        | Mangled by an orc knight

Illustrated notes

Levels and vault maps discovered:
D:        linesprint [early_d, line_temple, items_1, d_10, items_2, lair_1,
          lair_end, items_3, orc_1, orc_end, items_4, d_15, swamp_1, shoals_1,
          snake_1, spider_1, d_20, vaults_1, items_5, swamp_end, shoals_end,
          snake_end, spider_end, vaults_end, d_27, items_6, zot_1, zot_end,
          crypt_end, forest_end, elf_end, slime_end, tomb_end, abyss_end,
          pan_hell_end]

Skill      XL: |  1  2  3  4  5  6  7  8  9 10 11 12 |
---------------+-------------------------------------+-----
Spellcasting   | 3 6 8 11 13 15 17 18 | 18.1
Stealth        | 2 3 4 5 6 |  6.6
Dodging        | 4 5 7 8 9 |  9.9
Armour         | 4 7 8 9 11 | 11.6
Evocations     | 1 3 4 |  4.0
Fighting       | 1 2 3 |  3.7
Invocations    | 4 8 9 |  9.2

Action                   |  1- 3 |  4- 6 |  7- 9 | 10-12 || total
-------------------------+-------+-------+-------+-------++-------
 Cast: Shock             |    10 |     4 |    15 |   125 ||   154
       Static Discharge  |     2 |     2 |     3 |    16 ||    23
       Swiftness         |       |     1 |       |     4 ||     5
       Airstrike         |       |     1 |       |     1 ||     2
       Scorch            |       |       |     5 |    16 ||    21
       Olgreb's Toxic Ra |       |       |       |    13 ||    13
       Teleport Other    |       |       |       |     4 ||     4
Evoke: Wand              |       |     3 |     6 |     1 ||    10
  Use: Potion            |     1 |       |       |     2 ||     3
       Scroll            |       |       |       |     2 ||     2
Armor: Robe              |     1 |       |     2 |       ||     3
       Chain mail        |       |       |       |    24 ||    24
Dodge: Dodged            |     5 |       |     3 |    28 ||    36

Table legend: (Time is in decaauts)
 A = Elapsed time spent in this place.
 B = Non-inter-level travel time spent in this place.
 C = Inter-level travel time spent in this place.
 D = Time resting spent in this place.
 E = Time spent auto-exploring this place.
 F = Levels seen in this place.
 G = Mean time per level.
                   A        B        C        D        E       F      G
               +--------+--------+--------+--------+--------+-----+--------+
         Total |   3332 |   3121 |    211 |   1302 |    940 |   1 | 3332.0 |
       Dungeon |   3332 |   3121 |    211 |   1302 |    940 |   1 | 3332.0 |
               +--------+--------+--------+--------+--------+-----+--------+

Top non-repeatable levels by time:
       D: 3332 daAuts
